Map: Autômato LE

Players

efelinto - Winner!

  • Race: Protoss Protoss
  • League: Gold
  • Spawn Location: 3:00

RafaP

  • Race: Protoss Protoss
  • League: Silver
  • Spawn Location: 9:00

VOD

Have the link to the VOD?

Description

Time

  • Played on: Jan. 14, 2019, 4:20 p.m.
  • Length: 5:39
Show
View Real Time Build Order
Export as new Build Order

efelinto Protoss - Winner!

Build Orders: Dark Templar Rush 

Get SALT Encoding   

  12  0:00  Probe  
  13  0:13  Probe  
  14  0:18  Pylon  
  14  0:24  Probe  
  15  0:32  Probe  
  15  0:39  Gateway  
  15  0:40  Probe  
  16  0:49  Assimilator  
  17  0:51  Probe  
  18  0:59  Probe  
  18  1:01  Assimilator  
  19  1:07  Probe  
  19  1:17  Probe  
  21  1:27  Cybernetics Core  
  21  1:31  Pylon  
  22  1:32  Probe  
  22  1:44  Probe  
  24  2:04  Nexus, Stalker  
  25  2:11  Warp Gate  
  25  2:14  Probe  
  26  2:20  Pylon  
  26  2:28  Probe  
  27  2:41  Twilight Council  
  27  2:43  Sentry, Probe  
  28  2:50  Pylon  
  30  2:55  Probe  
  31  3:07  Probe  
  32  3:15  Gateway  
  32  3:18  Dark Shrine  
  32  3:22  Gateway  
  32  3:28  Probe  
  33  3:41  Robotics Facility  
  33  3:50  Probe  
  34  3:57  Gateway  
  32  4:26  Probe x2  
  32  4:27  Warp Prism  
  32  4:30  Pylon, Dark Templar  
  32  4:31  Dark Templar x2  
  40  4:38  Probe x2  
  44  4:53  Probe x2  
  44  4:58  Dark Templar  
  48  5:12  Dark Templar  
  50  5:16  Zealot x2, Pylon x2  
  50  5:18  Assimilator  
  50  5:19  Assimilator  
Show
View Real Time Build Order
Export as new Build Order

RafaP Protoss 

Build Orders:  

Get SALT Encoding   

  1  0:00  Probe  
  13  0:15  Probe  
  13  0:16  Pylon  
  14  0:27  Probe  
  15  0:39  Gateway  
  15  0:44  Probe  
  16  0:56  Probe  
  17  0:57  Assimilator  
  17  1:04  Probe  
  18  1:12  Probe  
  19  1:22  Probe  
  20  1:32  Cybernetics Core  
  20  1:36  Probe  
  21  1:48  Probe  
  22  2:12  Nexus  
  22  2:15  Warp Gate  
  22  2:18  Probe  
  23  2:29  Assimilator  
  23  2:39  Probe, Pylon  
  23  2:44  Gateway  
  23  2:57  Zealot, Forge  
  25  3:01  Probe  
  26  3:13  Probe  
  26  3:16  Pylon  
  27  3:24  Stalker  
  27  3:25  Probe  
  30  3:34  Stalker  
  30  3:37  Probe  
  31  3:59  Probe  
  31  4:00  Probe  
  32  4:08  Probe  
  31  4:11  Probe  
  33  4:17  Probe  
  33  4:23  Probe, Stalker x2  
  39  4:31  Probe  
  40  4:39  Probe x2  
  42  4:48  Sentry x2  
  42  4:49  Probe  
  42  4:51  Probe  
  35  5:23  Photon Cannon  
  35  5:25  Photon Cannon  
  35  5:27  Photon Cannon  
Tags
 
Matchup
PvP
Spawn Locations
Cross Positions
Add a new tag
Caveats
  • Supply blocks, unpowered buildings, or Contaminate may cause inaccurate times.
  • Supply counts are checked every 10 seconds.